[Event "EIBCC 2024"]
[Site "Skopje"]
[Date "2024.12.09"]
[Round "3.21"]
[White "Pacher, Milan"]
[Black "Smeets, Jan"]
[Result "0-1"]
[Annotator "TA"]
[ECO "A06"]
[WhiteElo "2310"]
[BlackElo "2552"]
[PlyCount "66"]
[EventDate "2024.12.07"]
[EventCountry "MKD"]
[SourceTitle "playchess.com"]
[Source "ChessBase"]
[SourceQuality "1"]
[TimeControl "180+2"]

1. Nf3 d5 2. e3 Nf6 3. b3 Bg4 4. Bb2 e6 5. c4 Bd6 6. Nc3 c6 7. h3 Bh5 8. g4 {[%emt 0:00:16] The position is equal.} Bg6 9. Nh4 Qe7 10. Nxg6 hxg6 11. Bg2 Ba3 12. Qc1 Bxb2 13. Qxb2 Nbd7 14. O-O-O O-O-O 15. cxd5 exd5 16. Kb1 Kb8 17. d4 g5 18. Rc1 Nb6 19. a4 a5 20. Na2 Nc8 21. Rc5 Nd7 {[%emt 0:00:21] [#]} (21... Rde8 $11 {remains equal.}) 22. Rc2 $1 $16 (22. Rxa5 b6 23. Ra6 Kb7 $17) 22... Rde8 23. Rhc1 ({Better is} 23. b4 $16) 23... Qd8 ({Black should try} 23... Nd6 $14) 24. b4 {[%emt 0:00:02] And now b5 would win.} axb4 (24... Na7 $16 {is more resistant.} 25. Ka1 Qe7 26. bxa5 Ka8) 25. Nxb4 $18 (25. Qxb4 Ndb6 $16) 25... Ka8 {[%emt 0:00:05] [#]} 26. Nxc6 $1 bxc6 27. Rxc6 Qa5 {[%emt 0:00:05] Wards off Ra6+} (27... Nf6 $18 28. R1c5 (28. Rxc8+ Qxc8 29. Rxc8+ Rxc8 $16) 28... Re6) 28. Bf1 $2 (28. Ra6+ {mates} Na7 29. Rxa5 Re5 30. Rxa7+ (30. dxe5 Rh6 31. Bxd5+ Rc6 32. Bxc6#) 30... Kxa7 31. Rc7+ Ka8 32. Qb7#) 28... Ncb6 $1 $11 (28... Qxa4 $2 29. Ra6+ $18) 29. R1c5 $2 Nxc5 $17 30. dxc5 $2 (30. Rxc5 $17 Qxa4 (30... Qe1+ $2 31. Rc1 $17) 31. Bb5 (31. Qxb6 $2 {too greedy.} Rb8 $19)) 30... Nxa4 $19 {[%emt 0:00:00] ( -> ...Rb8)} ({Less strong is} 30... Qxa4 31. Rxb6 Rb8 32. Bg2 Qd1+ 33. Ka2 $11) 31. Qa3 Rb8+ 32. Kc2 Rhc8 $2 (32... Rh6 33. Rxh6 gxh6) 33. Ra6+ Qxa6 {[%emt 0:00:02] Weighted Error Value: White=0.93/Black=1.07.  Loses game:     	White=1     	Black=1      Missed win:     	White=1     	---        Mistake:       	White=1     	Black=3      Inaccurate:     	White=4     	Black=3      OK:         	White=5     	Black=3      Best:        	---       	Black=2      Strong:       	White=1     	Black=1      Brilliant:      	White=1     	---} 0-1

[Event "EIBCC 2024"]
[Site "Skopje"]
[Date "2024.12.09"]
[Round "3.22"]
[White "Danov, Lyubomir"]
[Black "Motylev, Alexander"]
[Result "0-1"]
[Annotator "TA"]
[ECO "B36"]
[WhiteElo "2297"]
[BlackElo "2596"]
[PlyCount "78"]
[EventDate "2024.12.07"]
[EventCountry "MKD"]
[SourceTitle "playchess.com"]
[Source "ChessBase"]
[SourceQuality "1"]
[TimeControl "180+2"]

1. e4 c5 2. Nf3 d6 3. d4 cxd4 4. Nxd4 Nc6 5. c4 g6 6. Nc3 Nf6 7. Be2 Nxd4 8. Qxd4 Bg7 9. O-O O-O 10. Qd3 Bd7 11. Be3 a6 12. a4 a5 13. Rfd1 {[%emt 0:00:02] White is slightly better.} Bc6 14. f3 Nd7 15. Qc2 Rc8 16. Rac1 Re8 17. b3 Qc7 18. Qd2 Nc5 19. Rb1 Rcd8 (19... b6 $11 {remains equal.}) 20. Nd5 $16 Bxd5 21. cxd5 Rc8 22. Bb5 Red8 {[%emt 0:00:02] Black is weak on the light squares} 23. Kh1 Ra8 24. Qe1 Rdc8 25. Qh4 Bf6 26. Qf2 Qd8 27. g4 g5 {[%emt 0:00:07] [#]} ({Better is} 27... Qf8 $14) 28. h4 $1 h6 29. Kg2 Qf8 (29... gxh4 $16 30. Bxh6 e6) 30. hxg5 hxg5 (30... Bxg5 $142 31. f4 Bf6 (31... Nxe4 $2 {is the wrong capture.} 32. Qf3 $18)) 31. Rh1 $18 {[%emt 0:00:03] aiming for Rh5.} Qg7 32. Rh5 {[%emt 0:00:03][%cal Oe4e5] e5! would now be deadly.} Na6 (32... Qg6 $142) 33. Bxa6 bxa6 34. Qd2 {[%emt 0:00:02][%csl LRa5,LRg5][%cal Ob1h1] Rbh1! is the strong threat.} Bc3 35. Qd3 f6 (35... Bf6 36. Bd2 Kf8) 36. Rbh1 $2 (36. e5) 36... Be5 37. Qd2 (37. Bd4 $1 $18 {[%cal Rd4e5] And now Bxe5 would win.} Bxd4 38. Qxd4 Rc2+ 39. Kh3) 37... Rc3 $11 {[%emt 0:00:07] [#]} 38. Bxg5 $2 {[%emt 0:00:05][%mdl 8192] [#]} Rac8 $1 $19 {[%emt 0:00:02][%cal Oc3c2] Threatens to win with ...Rc2!} (38... fxg5 $2 {perishes.} 39. Rxg5 Rf8 40. Rxg7+ $18) 39. Bh6 Rc2 $1 {[%emt 0:00:02] Weighted Error Value: White=0.50/Black=0.16 (very precise) .  Loses game:     	White=1     	---        Mistake:       	White=1     	Black=6      Inaccurate:     	---       	Black=1      OK:         	White=5     	Black=11     Best:        	White=2     	Black=2      Strong:       	---       	Black=2} 0-1

[Event "EIBCC 2024"]
[Site "Skopje"]
[Date "2024.12.09"]
[Round "3.23"]
[White "Baidetskyi, Valentin"]
[Black "Aizenberg, Benny"]
[Result "0-1"]
[Annotator "TA"]
[ECO "B45"]
[WhiteElo "2519"]
[BlackElo "2425"]
[PlyCount "52"]
[EventDate "2024.12.07"]
[EventCountry "MKD"]
[SourceTitle "playchess.com"]
[Source "ChessBase"]
[SourceQuality "1"]
[TimeControl "180+2"]

1. e4 c5 2. Nf3 e6 3. d4 cxd4 4. Nxd4 Nf6 5. Nc3 Nc6 6. Nxc6 bxc6 7. e5 Nd5 8. Ne4 Qc7 9. f4 Rb8 {[%emt 0:00:00] [#]} (9... Qb6 $11 {remains equal.}) 10. a3 ({White should play} 10. c4 $1 $16 ) 10... Qb6 $11 11. Bd3 Ba6 {[%emt 0:00:03] The position is equal.} (11... Be7 $5) 12. c4 {[%emt 0:00:17] [#]} (12. Bxa6 $14 {keeps the upper hand.} Qxa6 13. b3) 12... Qd4 $1 $17 13. cxd5 {[%emt 0:01:37][%mdl 8192] Loses the game.} (13. Qc2 $17 {is a better chance.}) 13... Bxd3 $19 14. Nf2 Rxb2 {[%emt 0:00:01] Black is clearly winning.} 15. Nxd3 Qe4+ ({Inferior is} 15... Rxg2 16. Qf3 Qc3+ 17. Kf1 $16) 16. Be3 Qxe3+ 17. Kf1 Rd2 18. Qf3 Qxf3+ 19. gxf3 Rxd3 20. dxc6 dxc6 21. Ke2 Rd5 22. Rab1 Bc5 23. Rb8+ Rd8 24. Rxd8+ Kxd8 25. Rc1 Bxa3 26. Rxc6 Kd7 {[%emt 0:00:03] Weighted Error Value: White=0.71/Black=0.13 (very precise) .  Loses game:     	White=1     	---        Mistake:       	White=2     	---        Inaccurate:     	---       	Black=1      OK:         	---       	Black=4      Best:        	White=3     	Black=4      Strong:       	---       	Black=1} 0-1